cohdb
Replays
Latest Replays
All Replays
Popular Replays
Top Player Replays
Match Explorer
How It Works
Community
CoH3 Stats
Reddit
Sign in to upload your games and track your stats! →
Sign in with Steam
Match 40056938
Unlisted
Match 40056938
Overview
Messages
Build Orders
End
Engineer Squad
Selects Armored Battlegroup
Selects Assault Engineers
Construct Weapon Support Center
Bazooka Squad
M1919 Machine Gun Team
Air Support Center
Construct Medical Station
Selects M31 Recovery Vehicle
Selects Fast Deploy
Grasshopper Recon Run
P-47 Strafing Run
M3 Armored Personnel Carrier
M1919 Machine Gun Team
Construct Motor Pool
Selects M31 Recovery Vehicle
Mortar Pit
M8 Greyhound Armored Car
Bazooka Squad
Selects War Machine
Selects M8 Scott SPG
M24 Chaffee Light Tank
M3 Armored Personnel Carrier
Grasshopper Recon Run
Improved Aircraft Armor
P-47 Dive Bomb
killall
sukit
PapIlloN
jamonké drip
Jaboomer
nightukrainee
0
0
Comments
sign in to comment!
No comments posted yet!